 Dungeon Crawl Stone Soup version 0.25-a0-189-gf71692caf1 (webtiles) character file.

Game seed: 4110932649427191140, levelgen mode: deterministic

131448 MrRokkomies the Brawler (level 17, -1/156 HPs)
             Began as a Ghoul Monk on Nov 28, 2019.
             Was the Champion of Makhleb.
             Slain by a jumping spider (14 damage)
             ... on level 4 of the Spider Nest on Nov 29, 2019.
             The game lasted 01:45:08 (24817 turns).

MrRokkomies the Brawler (Ghoul Monk)               Turns: 24817, Time: 01:45:08

Health: -1/156     AC: 22    Str: 22    XL:     17   Next: 10%
Magic:  25/25      EV: 12    Int:  5    God:    Makhleb [******]
Gold:   585        SH:  2    Dex: 11    Spells: 15/16 levels left

rFire    + + .     SeeInvis .     - Unarmed
rCold    . . .     Gourm    .   (no shield)
rNeg     + + +     Faith    .   l - +2 fire dragon scales
rPois    ∞         Spirit   .   c - +1 hat {MR+}
rElec    +         Reflect  +   T - +1 cloak
rCorr    +         Harm     .   R - +3 pair of gauntlets of War {Slay+5}
MR       +++..                  x - +0 pair of boots {run}
Stlth    ..........             U - amulet "Carycw Viuzi" {Reflect rElec SH+2}
HPRegen  0.00/turn              J - ring of protection from magic
MPRegen  0.19/turn              O - ring of resist corrosion

@: very slightly contaminated, rotting, quick
A: rotting body, claws 1, carnivore, cold resistance 1, negative energy
resistance 3, inhibited regeneration, torment resistance, unbreathing
a: Minor Destruction, Lesser Servant of Makhleb, Major Destruction, Greater
Servant of Makhleb, Renounce Religion


You were on level 4 of the Spider Nest.
You worshipped Makhleb.
Makhleb was exalted by your worship.
You were not hungry.

You visited 4 branches of the dungeon, and saw 27 of its levels.
You also visited: Trove.

You collected 2661 gold pieces.
You spent 2076 gold pieces at shops.

Inventory:

Hand Weapons
 a - the +8 lance "Wyrmbane" {slay drac, rPois rF+ rC+ AC+3}
   (You bought it in a shop on level 1 of the Orcish Mines)

   It affects your AC (+3).
   It protects you from fire.
   It protects you from cold.
   It protects you from poison.
Missiles
 h - 2 throwing nets
 v - 7 javelins
 w - 28 boomerangs
 E - 17 poisoned darts (quivered)
Armour
 c - a +1 hat of magic resistance (worn)
 l - +2 fire dragon scales (worn)
 x - a +0 pair of boots of running (worn)
 R - the +3 pair of gauntlets of War (worn) {Slay+5}
   (You found it on level 6 of the Lair of Beasts)

   It affects your accuracy and damage with ranged weapons and melee attacks
   (+5).
 T - a +1 cloak (worn)
Jewellery
 q - the ring "Jedepam" {+Blink Str+4}
   (You found it in a treasure trove)

   [ring of strength]

   It affects your strength (+4).
   It lets you blink.
 z - an uncursed ring of see invisible
 B - an uncursed ring of protection from fire
 J - a ring of protection from magic (left hand)
 M - an uncursed ring of ice
 O - a ring of resist corrosion (right hand)
 U - the amulet "Carycw Viuzi" (around neck) {Reflect rElec SH+2}
   (You found it in a treasure trove)

   [amulet of reflection]

   It shields you and reflects attacks.
   It insulates you from electricity.
   It affects your SH (+2).
 V - the amulet "Xidilag" {RegenMP +Fly rElec rC+ MR-}
   (You found it in a treasure trove)

   [amulet of magic regeneration]

   It increases your magic regeneration.
   It protects you from cold.
   It insulates you from electricity.
   It affects your resistance to hostile enchantments.
   It lets you fly.
Wands
 d - a wand of acid (4)
 k - a wand of disintegration (27)
 t - a wand of paralysis (12)
 y - a wand of clouds (4)
 A - a wand of scattershot (10)
 C - a wand of polymorph (10)
 G - a wand of iceblast (17)
 I - a wand of digging (8)
Scrolls
 g - 7 scrolls of remove curse
 i - 3 scrolls of immolation
 m - 3 scrolls of fog
 r - 3 scrolls of amnesia
 F - 2 scrolls of teleportation
 K - a scroll of torment
 N - 9 scrolls of identify
 Q - 10 scrolls of magic mapping
 S - 2 scrolls of fear
Potions
 e - a potion of resistance
 f - 3 potions of might
 n - 2 potions of flight
 o - 2 potions of cancellation
 p - a potion of ambrosia
 s - 3 potions of agility
 u - 5 potions of curing
 D - a potion of magic
 P - a potion of haste
Miscellaneous
 j - a fan of gales
Comestibles
 H - 41 rations
 L - 6 chunks of flesh


   Skills:
 - Level 15.0 Fighting
 * Level 8.9 Polearms
 - Level 6.0 Throwing
 + Level 10.0 Armour
 * Level 5.3 Dodging
 - Level 2.1 Stealth
 - Level 16.5 Unarmed Combat
 - Level 13.1 Invocations
 - Level 8.8 Evocations


You had 15 spell levels left.
You knew the following spells:

 Your Spells              Type           Power        Failure   Level  Hunger
a - Confusing Touch       Hex            #.....       80%         1    ##.....

Your spell library contained the following spells:

 Spells                   Type           Power        Failure   Level  Hunger
 Animate Skeleton         Necr           N/A          80%         1    ##.....
 Apportation              Tloc           #.....       80%         1    ##.....
 Magic Dart               Conj           #...         80%         1    ##.....
 Shock                    Conj/Air       #...         80%         1    ##.....
 Sting                    Conj/Pois      #...         80%         1    ##.....
 Summon Small Mammal      Summ           #...         80%         1    ##.....
 Call Imp                 Summ           #.......     91%         2    ###....
 Ensorcelled Hibernation  Hex/Ice        #.....       91%         2    ###....
 Poisonous Vapours        Pois/Air       #.....       91%         2    ###....
 Searing Ray              Conj           #.....       91%         2    ###....
 Shroud of Golubria       Chrm/Tloc      #.....       91%         2    ###....
 Slow                     Hex            #.......     91%         2    ###....
 Swiftness                Chrm/Air       #.......     91%         2    ###....
 Call Canine Familiar     Summ           #.......     99%         3    ####...
 Dazzling Spray           Conj/Hex       #.....       99%         3    ####...
 Mephitic Cloud           Conj/Pois/Air  #.......     99%         3    ####...
 Recall                   Summ/Tloc      N/A          99%         3    ####...
 Static Discharge         Conj/Air       #.......     99%         3    ####...
 Summon Guardian Golem    Hex/Summ       #.......     99%         3    ####...
 Airstrike                Air            #.........   100%        4    #####..
 Animate Dead             Necr           N/A          100%        4    #####..
 Force Lance              Conj/Tloc      #.......     100%        4    #####..
 Fulminant Prism          Conj/Hex       #.........   100%        4    #####..
 Iskenderun's Mystic Bla  Conj           #.......     100%        4    #####..
 Olgreb's Toxic Radiance  Pois           #.......     100%        4    #####..
 Summon Ice Beast         Ice/Summ       #.......     100%        4    #####..
 Summon Lightning Spire   Summ/Air       #.......     100%        4    #####..
 Borgnjor's Vile Clutch   Necr/Erth      #.........   100%        5    ######.
 Lightning Bolt           Conj/Air       #.........   100%        5    ######.
 Venom Bolt               Conj/Pois      #.........   100%        5    ######.
 Death Channel            Necr           #.........   100%        6    #######
 Simulacrum               Ice/Necr       #.........   100%        6    #######


Dungeon Overview and Level Annotations

Branches:
Dungeon (15/15)            Temple (0/1) D:5            Lair (6/6) D:9
 Shoals (0/4) Lair:4       Spider (4/4) Lair:4          Orc (2/2) D:12
    Elf (0/3) Orc:2        Vaults (0/5) D:14         Depths (0/5) D:15
  Slime: Lair:5-6

Altars:
Dithmenos
Elyvilon
Fedhas
Gozag
Makhleb
Nemelex Xobeh
Qazlal
Vehumet
Wu Jian
Xom
Yredelemnul
Zin
The Shining One

Shops:
D:8 :   D:9 *   D:10 [   Orc:1 (   Orc:2 (**%

Annotations:
D:13 3 runed translucent doors, Jiusaowa's ghost, novice FoCK; Locviton's ghost, journeyman TrFi
Orc:2 2 runed translucent doors, exclusion: orange crystal statue


Innate Abilities, Weirdness & Mutations

Your body is rotting away.
You thrive on raw meat.
You are immune to poison.
You have sharp fingernails.
You are carnivorous and can eat meat at any time.
Your flesh is cold resistant. (rC+)
You are immune to negative energy. (rN+++)
You do not regenerate when monsters are visible.
You are immune to unholy pain and torment.
You can survive without breathing.


Message History

* * * LOW HITPOINT WARNING * * *
The wolf spider misses you. The redback bites you!
* * * LOW HITPOINT WARNING * * *
A jumping spider comes into view.
Blink to where?
Press: ? - help, Dir - move target cursor You are very lightly contaminated with residual magic.
As you read the scroll of blinking, it crumbles to dust.
A jumping spider and a redback come into view.
The jumping spider hisses angrily. x2
The jumping spider leaps! x2
The jumping spider completely misses you.
The jumping spider closely misses you.
Found 16 gold pieces.
Eat one of 7 chunks of flesh? (ye/n/q)
You eat one of the 7 chunks of flesh.
This raw flesh tastes great!
The jumping spider leaps!
The jumping spider pounces on you.
* * * LOW HITPOINT WARNING * * *
The jumping spider barely misses you. The jumping spider pounces on you!
You die...

.........s##
...#^.#s#s.s^##
.....s....#.§# ^#
...#.#^s°s###
...#...ss#.s°..#
......#○^.s...###
^.......#..#....#
.$......s.......#
.......@.#.#....#####
...#..#s...........^#
.........#[.......##
......^..#.^...#..##
.....#....s.#.....##
..
.....#......#...####
. ..
..............^..# ..
...#.....#.....[..#
.......#.#.....##


You could see a demonic crawler, 2 wolf spiders, 4 jumping spiders and 6
redbacks.

Vanquished Creatures
  Rupert (D:13)
  Gastronok (Orc:1)
  4 entropy weavers
  Nessos (D:13)
  Azrael (D:14)
  A spark wasp (Spider:4)
  Snorg (D:12)
  2 ogre magi (D:15)
  Fannar (Lair:2)
  A vault guard (D:14)
  Erolcha (D:9)
  11 hydras
  2 catoblepae (Lair:6)
  Harold (D:8)
  Erica (D:9)
  3 centaur warriors
  12 two-headed ogres
  A tengu warrior (D:14)
  3 orc high priests (Orc:2)
  A queen ant (Lair:6)
  A swamp dragon (Lair:6)
  A glowing orange brain (D:15)
  Pikel (D:8)
  4 orc knights (Orc:2)
  A harpy (shapeshifter) (D:15)
  10 ugly things
  7 orc sorcerers
  6 orb spiders
  13 wolf spiders
  4 oklob plants (Lair:6)
  6 cyclopes
  4 manticores
  5 black mambas
  7 elephants (Lair:6)
  A moth of wrath (Spider:1)
  An ice statue (D:12)
  Joseph (D:8)
  A torpor snail (Spider:2)
  5 gargoyles
  10 spiny frogs
  14 demonic crawlers
  9 komodo dragons
  2 kobold demonologists (D:15)
  4 rime drakes
  3 polar bears
  8 jumping spiders (Spider:1)
  10 trolls
  A meliai (shapeshifter) (D:15)
  25 blink frogs
  10 slime creatures
  Prince Ribbit (D:8)
  A slime creature (shapeshifter) (D:15)
  8 hippogriffs
  A shadow (D:11)
  36 redbacks
  25 tarantellas
  4 basilisks
  A golden eye (shapeshifter) (D:12)
  4 fire elementals (D:14)
  5 hungry ghosts
  20 yaks
  5 vampire mosquitoes
  6 steam dragons
  Menkaure (D:6)
  6 acid dragons
  A warg (Orc:2)
  15 water moccasins
  4 hell hounds (D:14)
  24 soldier ants (Lair:6)
  A hornet zombie (D:8)
  8 porcupines
  16 orc warriors
  3 ice beasts
  4 sky beasts
  2 swamp drakes (Lair:6)
  2 black bears
  An eye of draining (D:15)
  4 phantoms
  12 ogres
  10 centaurs
  12 crocodiles
  4 big kobolds
  14 bullfrogs
  A wyvern zombie (D:14)
  4 scorpions
  A troll zombie (D:12)
  3 killer bees (D:13)
  3 electric eels
  7 wights
  2 crimson imps
  4 howler monkeys
  2 bullfrog zombies
  3 centaur zombies
  A quasit (D:10)
  11 orc priests
  3 hounds
  11 jellies
  2 bullfrog skeletons
  5 centaur skeletons
  A gnoll shaman (D:3)
  7 iguanas
  20 orc wizards
  30 worker ants
  7 ogre zombies (D:12)
  A hound skeleton (D:9)
  2 worker ant zombies
  A howler monkey zombie (D:2)
  13 gnolls
  A howler monkey skeleton (D:6)
  17 adders
  A shadow imp (D:6)
  2 oozes (D:2)
  2 adder zombies (D:2)
  2 adder skeletons
  A worm (D:2)
  A dart slug (D:2)
  5 leopard geckos
  41 orcs
  2 ball pythons
  A bat zombie (D:2)
  5 giant cockroaches
  2 gnoll zombies (D:9)
  5 hobgoblins
  7 jackals
  6 quokkas
  5 bats
  A frilled lizard (D:2)
  A giant cockroach zombie (D:2)
  7 goblins
  A goblin skeleton (D:12)
  4 goblin zombies (D:12)
  A hobgoblin skeleton (D:12)
  2 hobgoblin zombies (D:12)
  21 kobolds
  3 leopard gecko zombies
  3 orc skeletons (D:12)
  13 orc zombies (D:12)
  7 rats
  A plant (Lair:6)
802 creatures vanquished.

Vanquished Creatures (collateral kills)
  Jorgrun (D:13)
  3 emperor scorpions
  A fire dragon (Lair:6)
  An orc knight (Orc:1)
  An orb spider (Spider:3)
  3 wolf spiders (Spider:1)
  3 jumping spiders
  A troll (D:13)
  5 tarantellas
  3 redbacks (Spider:1)
  An orc warrior (Orc:1)
  An orc wizard (Orc:1)
  An orc (Orc:1)
  A plant (Lair:6)
26 creatures vanquished.

Vanquished Creatures (others)
  A two-headed ogre (D:11)
  A lindwurm (Lair:6)
  A deep elf mage (D:11)
  A kobold demonologist (D:11)
  An ogre (D:11)
  A centaur zombie (D:11)
  A hound (D:11)
  2 orc wizards
  9 fungi
  19 plants
  6 withered plants (D:13)
43 creatures vanquished.

Grand Total: 871 creatures vanquished

Notes
Turn   | Place    | Note
-------+----------+-------------------------------------------
     0 | D:1      | MrRokkomies the Ghoul Monk began the quest for the Orb.
     0 | D:1      | Reached XP level 1. HP: 19/19 MP: 0/0
   479 | D:1      | Reached XP level 2. HP: 26/26 MP: 1/1
   964 | D:2      | Reached XP level 3. HP: 13/33 MP: 2/2
  1281 | D:2      | Reached skill level 4 in Unarmed Combat
  1399 | D:2      | Reached XP level 4. HP: 35/38 MP: 3/3
  1943 | D:2      | Found a glowing golden altar of the Shining One.
  2195 | D:3      | Found a stormy altar of Qazlal.
  2205 | D:3      | Reached XP level 5. HP: 47/47 MP: 4/4
  2276 | D:3      | Found a faded altar of an unknown god.
  2294 | D:3      | Became a worshipper of Makhleb the Destroyer
  2294 | D:3      | Reached * piety under Makhleb
  2294 | D:3      | Reached ** piety under Makhleb
  3172 | D:3      | Reached skill level 5 in Fighting
  3172 | D:3      | Reached skill level 1 in Armour
  3172 | D:3      | Reached skill level 5 in Unarmed Combat
  3178 | D:3      | Reached skill level 1 in Invocations
  3178 | D:3      | Reached XP level 6. HP: 56/56 MP: 5/5
  3304 | D:4      | Reached *** piety under Makhleb
  3425 | D:4      | Found a stormy altar of Qazlal.
  3716 | D:4      | Reached XP level 7. HP: 51/62 MP: 7/7
  3982 | D:5      | Entered Level 5 of the Dungeon
  4027 | D:5      | Found a staircase to the Ecumenical Temple.
  4053 | D:5      | Reached skill level 6 in Unarmed Combat
  4159 | D:5      | Noticed a steam dragon
  4288 | D:5      | Noticed a steam dragon
  4297 | D:5      | Killed a steam dragon
  4297 | D:5      | Reached skill level 1 in Throwing
  4331 | D:5      | Found a shadowy altar of Dithmenos.
  4689 | D:6      | Found a radiant altar of Vehumet.
  4735 | D:6      | Reached XP level 8. HP: 61/71 MP: 9/9
  4810 | D:6      | Found a white marble altar of Elyvilon.
  5224 | D:6      | Noticed Menkaure
  5227 | D:6      | Killed Menkaure
  5227 | D:6      | Reached skill level 7 in Unarmed Combat
  5306 | D:6      | Reached **** piety under Makhleb
  5647 | D:7      | Reached skill level 10 in Fighting
  5647 | D:7      | Reached skill level 5 in Throwing
  5647 | D:7      | Reached skill level 10 in Unarmed Combat
  5647 | D:7      | Reached XP level 9. HP: 86/86 MP: 9/12
  5851 | D:7      | Found a blossoming altar of Fedhas.
  6097 | D:8      | Found Kucaiss's Book Shoppe.
  6098 | D:8      | Noticed Prince Ribbit
  6119 | D:8      | Reached XP level 10. HP: 94/94 MP: 13/13
  6139 | D:8      | Killed Prince Ribbit
  6267 | D:8      | Found a sparkling altar of Nemelex Xobeh.
  6286 | D:8      | Reached skill level 11 in Unarmed Combat
  6291 | D:8      | Reached ***** piety under Makhleb
  6295 | D:8      | Noticed Pikel
  6311 | D:8      | Noticed Harold
  6314 | D:8      | Killed Pikel
  6331 | D:8      | Killed Harold
  6394 | D:8      | Noticed Joseph
  6409 | D:8      | Killed Joseph
  6826 | D:9      | Noticed Erica
  6828 | D:9      | Found Tyitux's Assorted Antiques.
  6829 | D:9      | Noticed Erolcha
  6844 | D:9      | Killed Erica
  6847 | D:9      | HP: 2/96 [Erolcha/bolt of lightning (25)]
  7186 | D:9      | Killed Erolcha
  7186 | D:9      | Reached XP level 11. HP: 71/103 MP: 15/15
  7437 | D:9      | Found a staircase to the Lair.
  7448 | D:9      | Found an opulent altar of Gozag.
  7662 | D:9      | Found a basalt altar of Yredelemnul.
  7826 | Lair:1   | Entered Level 1 of the Lair of Beasts
  7866 | Lair:1   | Reached skill level 12 in Unarmed Combat
  9159 | Lair:2   | Noticed Fannar
  9200 | Lair:2   | Killed Fannar
  9200 | Lair:2   | Reached XP level 12. HP: 43/112 MP: 17/17
  9555 | Lair:3   | Reached skill level 13 in Unarmed Combat
  9555 | Lair:3   | Noticed a six-headed hydra
  9568 | Lair:3   | Killed a six-headed hydra
 10552 | Lair:4   | Learned a level 1 spell: Confusing Touch
 10557 | Lair:4   | You fall into a shaft and drop 1 floor!
 10681 | Lair:4   | Noticed a four-headed hydra
 10689 | Lair:4   | Killed a four-headed hydra
 10805 | Lair:4   | Found a hole to the Spider Nest.
 10875 | Lair:4   | Found a basalt altar of Yredelemnul.
 11091 | Lair:4   | Found a staircase to the Shoals.
 11289 | Lair:5   | Noticed a six-headed hydra
 11310 | Lair:5   | Killed a six-headed hydra
 11310 | Lair:5   | Reached skill level 14 in Unarmed Combat
 11310 | Lair:5   | Reached XP level 13. HP: 40/123 MP: 19/19
 11587 | Lair:5   | Reached skill level 5 in Armour
 12252 | Lair:5   | You fall into a shaft and drop 1 floor!
 12252 | Lair:6   | Entered Level 6 of the Lair of Beasts
 12474 | Lair:6   | Reached skill level 10 in Invocations
 12542 | Lair:6   | Reached ****** piety under Makhleb
 12592 | Lair:6   | Found the +3 pair of gauntlets of War {Slay+5}
 13078 | Lair:6   | Noticed an entropy weaver
 13078 | Lair:6   | Noticed an entropy weaver
 13080 | Lair:6   | Reached skill level 15 in Unarmed Combat
 13080 | Lair:6   | Killed an entropy weaver
 13080 | Lair:6   | Killed an entropy weaver
 13080 | Lair:6   | Reached skill level 15 in Fighting
 13080 | Lair:6   | Reached XP level 14. HP: 135/135 MP: 20/20
 13897 | Lair:6   | Identified a scroll of acquirement
 14182 | Lair:6   | Reached skill level 16 in Unarmed Combat
 14201 | Lair:6   | Identified Ocet Gekk's Rites and Rhymes Continued
 14215 | Lair:6   | Upgraded the game from 0.25-a0-185-g6cfeca75b2 to
                  | 0.25-a0-189-gf71692caf1
 14375 | D:10     | Entered Level 10 of the Dungeon
 14599 | D:10     | Found a glowing silver altar of Zin.
 14773 | D:10     | Found Paipeas's Armour Boutique.
 14964 | D:11     | Reached skill level 1 in Evocations
 14982 | D:11     | Found a shimmering altar of Xom.
 15047 | D:11     | Found a portal to a secret trove of treasure.
 15864 | D:12     | Found a staircase to the Orcish Mines.
 15943 | D:12     | Found an ornate altar of the Wu Jian Council.
 16337 | D:12     | Noticed Snorg
 16346 | D:12     | Killed Snorg
 16631 | Orc:1    | Entered Level 1 of the Orcish Mines
 16722 | Orc:1    | HP: 4/135 [orc priest/divine providence (10)]
 17081 | Orc:1    | Noticed Gastronok
 17101 | Orc:1    | Killed Gastronok
 17435 | Orc:1    | Found Xururali's Weapon Boutique.
 17476 | Orc:1    | Bought the +8 lance "Wyrmbane" {slay drac, rPois rF+ rC+
                  | AC+3} for 1292 gold pieces
 17476 | Orc:1    | Found the +8 lance "Wyrmbane" {slay drac, rPois rF+ rC+
                  | AC+3}
 17494 | Orc:2    | Entered Level 2 of the Orcish Mines
 17513 | Orc:2    | Found a runed translucent door.
 17515 | Orc:2    | Found the +10 large shield of Ignorance {rN+ Int-4}
 17539 | Orc:2    | Found a runed translucent door.
 17660 | Orc:2    | Reached XP level 15. HP: 141/141 MP: 22/22
 17672 | Orc:2    | Found a staircase to the Elven Halls.
 17894 | Orc:2    | Reached skill level 1 in Polearms
 17895 | Orc:2    | Found Xaot's Food Boutique.
 18011 | Orc:2    | Found Agyrchun's Assorted Antiques.
 18024 | Orc:2    | Found Wuiry's Antique Weapon Emporium.
 18026 | Orc:2    | Found Hecog's Assorted Antiques.
 18260 | D:13     | Noticed Jorgrun
 18267 | D:13     | Killed Jorgrun
 18661 | D:13     | Reached skill level 5 in Evocations
 18747 | D:13     | Noticed Nessos
 18787 | D:13     | Killed Nessos
 18850 | D:13     | Identified a +0 pair of boots of running (You acquired it
                  | on level 13 of the Dungeon)
 18865 | D:13     | Found a runed translucent gate.
 18866 | D:13     | Found a runed translucent gate.
 18867 | D:13     | Found a runed translucent gate.
 18868 | D:13     | Noticed Locviton's ghost (journeyman TrFi)
 18869 | D:13     | Noticed Jiusaowa's ghost (novice FoCK)
 18942 | D:13     | Noticed Rupert
 19173 | D:13     | Killed Rupert
 19492 | Orc:1    | Bought a +4 demon blade of flaming for 784 gold pieces
 19606 | D:11     | You paid a toll of a +5 demon blade to enter a treasure
                  | trove
 19607 | Trove    | Entered a treasure trove
 19611 | Trove    | Found the amulet of Vitality {Regen+ HP+15}
 19612 | Trove    | Got a crude iron amulet
 19614 | Trove    | Got a wavering platinum ring
 19618 | Trove    | Got a heavily runed tin ring
 19622 | Trove    | Got a fine ivory amulet
 19626 | Trove    | Got a heavily runed ivory amulet
 19635 | Trove    | Got a warped copper amulet
 19637 | Trove    | Got a coiled sapphire amulet
 19645 | D:11     | Identified the amulet of the Vanishing Beggars {Faith MR+
                  | Str+4} (You found it in a treasure trove)
 19646 | D:11     | Identified the ring "Jedepam" {+Blink Str+4} (You found it
                  | in a treasure trove)
 19647 | D:11     | Identified the amulet "Volust" {Spirit rF- rN+ Str+4
                  | Stlth+} (You found it in a treasure trove)
 19648 | D:11     | Identified the amulet of Salvation {RegenMP rF+ Str+4} (You
                  | found it in a treasure trove)
 19649 | D:11     | Identified the amulet "Carycw Viuzi" {Reflect rElec SH+2}
                  | (You found it in a treasure trove)
 19650 | D:11     | Identified the amulet "Xidilag" {RegenMP +Fly rElec rC+
                  | MR-} (You found it in a treasure trove)
 19660 | D:11     | Identified the ring "Xehosk" {*Slow Str+4 Int+2 Stlth+}
                  | (You found it in a treasure trove)
 19713 | D:14     | Found a shimmering altar of Xom.
 19991 | D:14     | Found a gate to the Vaults.
 20375 | D:14     | Noticed Azrael
 20390 | D:14     | Killed Azrael
 20395 | D:14     | Reached skill level 5 in Polearms
 20559 | D:15     | Entered Level 15 of the Dungeon
 20729 | D:15     | Reached XP level 16. HP: 98/149 MP: 24/24
 21903 | D:15     | Found a staircase to the Depths.
 22386 | Spider:1 | Entered Level 1 of the Spider Nest
 24445 | Spider:3 | Reached XP level 17. HP: 156/156 MP: 25/25
 24539 | Spider:3 | Reached skill level 5 in Dodging
 24741 | Spider:4 | Entered Level 4 of the Spider Nest
 24761 | Spider:4 | Reached skill level 10 in Armour
 24817 | Spider:4 | Slain by a jumping spider

Levels and vault maps discovered:
D:1:      eino_arrival_cavern_a, layout_loops_corners
D:2:      layout_loops_corners, lemuel_coloured_pillars_altar, first_ration,
          serial_undead, serial_undead_d, serial_undead_b, serial_undead_f,
          serial_undead_a, kennysheep_generic_room_4
D:3:      layout_loops_ring, lemuel_crystal_altar,
          chequers_ecumenical_altar_island
D:4:      layout_basic, nicolae_qazlal_general_emergency
D:5:      kennysheep_steamy, layout_rooms, nicolae_dithmenos_shadow_blocks,
          minmay_temple_entry_gardened_gates
D:6:      layout_basic, basic_altar, elyvilon_altar_1, uniq_menkaure
D:7:      layout_loops_ring, fedhas_altar_3
D:8:      layout_basic, basic_altar, serial_shops, shop, uniq_prince_ribbit1,
          uniq_joseph, uniq_pikel, uniq_harold
D:9:      layout_irregular_city, lemuel_zombie_altar_yredelemnul,
          nicolae_gozag_seed_capital, grunt_lair_entry_orc_guard_hut,
          serial_shops, nicolae_shop_statue_plus, blue_anna_alchemist
          [blue_anna_fruit_fields, blue_anna_fruit_fields], uniq_erolcha,
          uniq_erica
D:10:     layout_irregular_city, basic_altar, serial_shops, kennysheep_mini
D:11:     layout_small_grid, enter_trove_0, xom_confusion_cloud
D:12:     lemuel_ice_statue, layout_stronghold, zombieorc2_lemuel, basic_altar,
          uniq_snorg
D:13:     layout_irregular_city, gammafunk_ghost_cemetery, uniq_rupert,
          uniq_jorgrun, uniq_nessos
D:14:     layout_loops_cross, david_vaults_5, lemuel_altar_in_water, uniq_azrael
D:15:     gammafunk_enter_depths_forms, layout_basic, nicolae_water_bricks,
          hangedman_decor_lopped
Lair:1:   layout_long_grid, grunt_megastairs_4
Lair:2:   layout_regular_city, chequers_serial_rivers_micro_e, uniq_fannar
Lair:3:   layout_cave_pods
Lair:4:   layout_loops_ring, elwin_shoals_entry_rocks, spider_nest_entry_rubble,
          basic_altar, chequers_serial_rivers_room_b, grunt_megastairs_5
Lair:5:   layout_regular_city, minmay_slime_entry_jelly_boxes,
          hangedman_lair_generics_rect
Lair:6:   guppyfry_lair_end_dragon, layout_regular_city,
          hangedman_lair_in_review, minivault_29, minmay_lair_oklob_chamber
Spider:1: layout_spider_delve
Spider:2: layout_spider_delve, drop_trap
Spider:3: layout_spider_delve
Spider:4: guppyfry_spider_rune
Orc:1:    layout_diamond_mine, serial_shops, nicolae_shop_trees, uniq_gastronok
Orc:2:    st_orc_elflike, layout_diamond_mine, chequers_guarded_unrand_ignorance

Skill      XL: |  1  2  3  4  5  6  7  8  9 10 11 12 13 14 15 16 17 |
---------------+----------------------------------------------------+-----
Fighting       | 4 5 6 10 11 12 13 15 | 15.0
Dodging        | 3 4 5 |  5.3
Unarmed Combat | 4 5 6 10 11 12 14 15 16 | 16.5
Armour         | 1 3 4 6 7 8 9 10 | 10.0
Invocations    | 1 2 3 6 7 8 9 10 11 12 13 | 13.1
Throwing       | 1 5 6 |  6.0
Evocations     | 3 7 8 |  8.8
Polearms       | 5 8 |  8.9
Stealth        | |  2.1

Action                   |  1- 3 |  4- 6 |  7- 9 | 10-12 | 13-15 | 16-18 || total
-------------------------+-------+-------+-------+-------+-------+-------++-------
Melee: Unarmed           |   127 |   208 |   268 |   645 |  1246 |   519 ||  3013
       Punch             |       |     2 |     6 |    35 |   113 |    36 ||   192
Throw: Boomerang         |       |       |       |     8 |    51 |       ||    59
       Dart              |       |       |       |    15 |    59 |    64 ||   138
       Throwing net      |       |       |       |       |     1 |       ||     1
Invok: Lesser Servant of |       |       |       |     1 |     3 |     6 ||    10
       Minor Destruction |       |       |       |     5 |    23 |     6 ||    34
       Major Destruction |       |       |       |       |     7 |       ||     7
       Greater Servant o |       |       |       |       |     3 |     4 ||     7
Evoke: Wand              |       |       |       |     2 |     4 |     6 ||    12
       Fan of gales      |       |       |       |       |     2 |       ||     2
  Use: Scroll            |     3 |     1 |     9 |    13 |    22 |     6 ||    54
       Potion            |       |     3 |     1 |     3 |     7 |     7 ||    21
 Stab: Sleeping          |     1 |       |       |       |       |       ||     1
       Invisible         |       |       |       |     7 |       |       ||     7
       Held in net/web   |       |       |       |       |     2 |       ||     2
       Distracted        |       |       |       |       |     2 |     3 ||     5
       Petrified         |       |       |       |       |     2 |       ||     2
  Eat: Chunk             |     5 |    15 |     8 |    27 |    80 |    26 ||   161
       Ration            |       |       |       |       |     1 |       ||     1
Armor: Robe              |    28 |       |       |       |       |       ||    28
       Scale mail        |     5 |   114 |    48 |       |       |       ||   167
       Fire dragon scale |       |       |    70 |   328 |   621 |   442 ||  1461
       Chain mail        |       |       |    12 |       |       |       ||    12
Dodge: Dodged            |    95 |    96 |   127 |   269 |   688 |   382 ||  1657
Block: Other             |       |       |       |       |     8 |    34 ||    42
       Reflection        |       |       |       |       |       |     1 ||     1

Table legend:
 A = Non-vault XP
 B = Vault XP
 C = Vault XP percentage of total XP
 D = Non-vault monster count
 E = Vault monster count
 F = Vault count percentage of total count
                 A         B        C        D         E       F
            +---------+---------+-------+---------+---------+-------
      Total |  123933 |   61773 |  33.3 |     614 |     216 |  26.0
            +---------+---------+-------+---------+---------+-------
        D:1 |      19 |       0 |   0.0 |      12 |       0 |   0.0
        D:2 |      82 |      54 |  39.7 |      25 |       8 |  24.2
        D:3 |     117 |       0 |   0.0 |      12 |       0 |   0.0
        D:4 |     373 |       0 |   0.0 |      25 |       0 |   0.0
        D:5 |     310 |     172 |  35.7 |      10 |       1 |   9.1
        D:6 |     462 |     346 |  42.8 |      18 |       2 |  10.0
        D:7 |     568 |       0 |   0.0 |      22 |       0 |   0.0
        D:8 |     930 |    2285 |  71.1 |      30 |       4 |  11.8
        D:9 |    1059 |    2408 |  69.5 |       9 |       9 |  50.0
       D:10 |    1559 |       0 |   0.0 |      14 |       0 |   0.0
       D:11 |    2541 |     500 |  16.4 |      24 |       4 |  14.3
       D:12 |    2872 |    2213 |  43.5 |      25 |      37 |  59.7
       D:13 |    7787 |    5479 |  41.3 |      32 |       3 |   8.6
       D:14 |    7277 |    3749 |  34.0 |      33 |      10 |  23.3
       D:15 |   24302 |    3508 |  12.6 |      48 |       7 |  12.7
     Lair:1 |    3039 |    1425 |  31.9 |      17 |       5 |  22.7
     Lair:2 |    1662 |     986 |  37.2 |       7 |       1 |  12.5
     Lair:3 |    5408 |       0 |   0.0 |      24 |       0 |   0.0
     Lair:4 |    6716 |     926 |  12.1 |      25 |       2 |   7.4
     Lair:5 |    4970 |    2842 |  36.4 |      17 |      12 |  41.4
     Lair:6 |    7428 |   24465 |  76.7 |      18 |      85 |  82.5
   Spider:1 |   17076 |       0 |   0.0 |      58 |       0 |   0.0
   Spider:2 |    4059 |       0 |   0.0 |      12 |       0 |   0.0
   Spider:3 |   16055 |       0 |   0.0 |      48 |       0 |   0.0
   Spider:4 |    2380 |       0 |   0.0 |       4 |       0 |   0.0
      Orc:1 |    3831 |    2193 |  36.4 |      32 |       1 |   3.0
      Orc:2 |    1051 |    8222 |  88.7 |      13 |      25 |  65.8
            +---------+---------+-------+---------+---------+-------
